 Dungeon Crawl Stone Soup version 0.22-a0-480-g991dd4b (webtiles) character file.

2851 George the Destroyer (level 9, -8/59 HPs)
             Began as a Gnoll Conjurer on June 16, 2018.
             Was a Follower of Hepliaklqana.
             Mangled by Gastronok (30 damage)
             ... on level 8 of the Dungeon.
             The game lasted 00:25:20 (6685 turns).

George the Destroyer (Gnoll Conjurer)               Turns: 6685, Time: 00:25:20

Health: -8/59      AC: 14    Str: 10    XL:     9   Next: 74%
Magic:  4/19       EV: 17    Int: 20    God:    Hepliaklqana [*.....]
Gold:   200        SH:  0    Dex: 22    Spells: 10/21 levels left

rFire    . . .     SeeInvis .   E - +6 scimitar (freeze)
rCold    . . .     Gourm    .   (no shield)
rNeg     . . .     Faith    .   z - +3 leather armour of Chimes {Dex+5}
rPois    .         Spirit   .   g - +1 helmet
rElec    .         Reflect  .   (no cloak)
rCorr    .         Harm     .   (no gloves)
MR       +....                  v - +0 pair of boots
Stlth    +++.......             j - amulet of magic regeneration
HPRegen  0.19/turn              d - ring of protection from magic
MPRegen  0.41/turn              G - +4 ring of protection

@: slowed, very slow
A: distributed training, reduced essence, fangs 1, strong nose
a: Recall Ancestor, Ancestor Identity, Renounce Religion


You were on level 8 of the Dungeon.
You worshipped Hepliaklqana.
Hepliaklqana was aware of your devotion.
You were very hungry.

You visited 2 branches of the dungeon, and saw 9 of its levels.
You also visited: Ossuary.

You collected 355 gold pieces.
You spent 155 gold pieces at shops.

Inventory:

Hand Weapons
 e - a +2 mace of protection
 E - a +6 scimitar of freezing (weapon)
Missiles
 w - 3 tomahawks of returning (quivered)
Armour
 g - a +1 helmet (worn)
 v - a +0 pair of boots (worn)
 z - the +3 leather armour of Chimes (worn) {Dex+5}
   (You found it in an ossuary)

   It affects your dexterity (+5).
Jewellery
 d - a ring of protection from magic (left hand)
 j - an amulet of magic regeneration (around neck)
 k - an uncursed ring of resist corrosion
 y - an uncursed ring of ice
 G - a +4 ring of protection (right hand)
Wands
 o - a wand of random effects (13)
Scrolls
 m - a scroll of amnesia
 p - 3 scrolls of identify
 s - 4 scrolls of remove curse
 u - 7 scrolls of teleportation
 x - 2 scrolls of fog
 A - a scroll of blinking {unknown}
 C - 3 scrolls of magic mapping {unknown}
 D - a scroll of enchant weapon
 F - a scroll of enchant armour
Potions
 a - a potion of haste {unknown}
 b - a potion of might
 h - 3 potions of resistance
 i - 4 potions of flight {unknown}
 l - 3 potions of mutation
 n - 4 potions of curing {unknown}
 q - a potion of lignification {unknown}
 r - a potion of agility
 t - 3 potions of heal wounds
 B - 3 potions of brilliance {unknown}
Comestibles
 c - 9 rations


   Skills:
 + Level 4.4 Fighting
 + Level 4.4 Short Blades
 + Level 4.4 Long Blades
 + Level 4.4 Axes
 + Level 4.4 Maces & Flails
 + Level 4.4 Polearms
 + Level 4.4 Staves
 + Level 4.4 Slings
 + Level 4.4 Bows
 + Level 4.4 Crossbows
 + Level 4.4 Throwing
 + Level 4.4 Armour
 + Level 6.4 Dodging
 + Level 6.2 Stealth
 + Level 4.4 Shields
 + Level 4.4 Unarmed Combat
 + Level 6.8 Spellcasting
 + Level 8.1 Conjurations
 + Level 3.6 Hexes
 + Level 3.6 Charms
 + Level 3.6 Summonings
 + Level 3.6 Necromancy
 + Level 3.6 Translocations
 + Level 3.6 Transmutations
 + Level 3.6 Fire Magic
 + Level 3.6 Ice Magic
 + Level 3.6 Air Magic
 + Level 3.6 Earth Magic
 + Level 3.6 Poison Magic
 + Level 4.9 Invocations
 + Level 4.4 Evocations


You had 10 spell levels left.
You knew the following spells:

 Your Spells              Type           Power        Failure   Level  Hunger
a - Magic Dart            Conj           ####         1%          1    None
b - Searing Ray           Conj           #####.       1%          2    None
c - Iskenderun's Mystic   Conj           #####...     4%          4    ###....
d - Force Lance           Conj/Tloc      ####....     11%         4    ###....

Your spell library contained the following spells:

 Spells                   Type           Power        Failure   Level  Hunger
 Summon Small Mammal      Summ           ###.         2%          1    None
 Summon Ice Beast         Ice/Summ       ###.....     28%         4    ###....
 Call Imp                 Summ           ###.....     4%          2    None
 Call Canine Familiar     Summ           ###.....     9%          3    #......
 Fulminant Prism          Conj/Hex       ####......   11%         4    ###....
 Dazzling Spray           Conj/Hex       ####..       3%          3    #......
 Summon Lightning Spire   Summ/Air       ###.....     28%         4    ###....
 Summon Guardian Golem    Hex/Summ       ###.....     9%          3    #......


Dungeon Overview and Level Annotations

Branches:
Dungeon (8/15)             Temple (1/1) D:6
   Lair: D:8-11

Altars:
Ashenzari
Cheibriados
Dithmenos
Elyvilon
Fedhas
Gozag
Hepliaklqana
Kikubaaqudgha
Makhleb
Nemelex Xobeh
Okawaru
Qazlal
Ru
Sif Muna
Trog
Uskayaw
Vehumet
Wu Jian
Xom
Yredelemnul
The Shining One

Shops:
D:5 }?

Annotations:
D:8 Gastronok


Innate Abilities, Weirdness & Mutations

Your experience applies equally to all skills.
You have very sharp teeth.
Your uncanny sense of smell can sniff out nearby items.
Your life essence is reduced to manifest your ancestor. (-10% HP)


Message History

Gastronok waves his eye-stalks in wide circles.
The air twists around and strikes you!
The searing ray hits Gastronok.
Gastronok is moderately wounded.
You finish channeling your searing ray.
Casting: Searing Ray (safe; 1% risk of failure)
Confirm with . or Enter, or press ? or * to list all spells.
Aiming: Searing Ray (safe; 1% risk of failure)
Press: ? - help, Shift-Dir - straight line, f/p - Gastronok
Aim: Gastronok, wearing the +3 hat of Pondering {ponderous, MR+ MP+10 Int+5} (moderately wounded)
The searing ray hits Gastronok.
Gastronok is moderately wounded. (Press . to maintain the ray.) Gastronok waves his eye-stalks in wide circles.
The air twists around and strikes you!
The searing ray hits Gastronok.
Gastronok is moderately wounded.
Gastronok bites you!!
Ouch! That really hurt!
You die...

#....... #+# #......
..##..... ....... ..... .. #
... ....#.###w#
........#@######
....##.........# .
##......#.######## ....
.#......#.........
.............#########.
.≈.....#.#........#
..#.≈...##.########.#####.##
..≈._≈#.....................#
.....≈......########.#####..#


You could see Gastronok.

Vanquished Creatures
  Grinder (D:3)
  Sigmund (D:3)
  3 ice beasts
  A black bear (D:8)
  2 ogres (D:4)
  3 centaurs
  2 bullfrogs
  2 wyvern zombies
  A water moccasin zombie (Ossuary)
  2 scorpions
  2 water moccasin skeletons
  3 killer bees (D:8)
  3 wights (D:7)
  2 crimson imps (D:6)
  2 orc priests
  A bullfrog skeleton (D:6)
  3 hounds
  An orc wizard (D:6)
  6 worker ants
  2 big kobold zombies (Ossuary)
  3 hound skeletons
  3 mummies
  2 worker ant zombies
  9 adders
  An ooze (D:4)
  2 adder skeletons
  2 adder zombies (Ossuary)
  2 worms (D:2)
  A dart slug (D:2)
  5 leopard geckos
  18 orcs
  3 ball pythons
  4 bats
  4 giant cockroaches
  4 gnoll zombies (Ossuary)
  7 goblins
  8 hobgoblins
  10 jackals
  4 kobolds
  2 quokkas
  2 frilled lizards (D:2)
  5 hobgoblin zombies (Ossuary)
  7 kobold zombies (Ossuary)
  9 orc zombies (Ossuary)
  6 rats
166 creatures vanquished.

Vanquished Creatures (collateral kills)
  An ogre (D:8)
  A wight (D:7)
  An orc wizard (D:6)
  A worker ant (D:6)
  A shadow imp (D:6)
5 creatures vanquished.

Vanquished Creatures (others)
  A centaur (D:5)
  A worker ant (D:5)
  2 ancestors (D:8)
4 creatures vanquished.

Grand Total: 175 creatures vanquished

Notes
Turn   | Place    | Note
-------+----------+-------------------------------------------
     0 | D:1      | George the Gnoll Conjurer began the quest for the Orb.
     0 | D:1      | Reached XP level 1. HP: 13/13 MP: 6/6
   165 | D:1      | Reached XP level 2. HP: 14/19 MP: 7/7
   649 | D:2      | Reached skill level 5 in Spellcasting
   649 | D:2      | Reached XP level 3. HP: 25/25 MP: 4/9
   691 | D:2      | Reached skill level 1 in Fighting
   691 | D:2      | Reached skill level 1 in Short Blades
   691 | D:2      | Reached skill level 1 in Long Blades
   691 | D:2      | Reached skill level 1 in Axes
   691 | D:2      | Reached skill level 1 in Maces & Flails
   691 | D:2      | Reached skill level 1 in Polearms
   691 | D:2      | Reached skill level 1 in Staves
   691 | D:2      | Reached skill level 1 in Slings
   691 | D:2      | Reached skill level 1 in Bows
   691 | D:2      | Reached skill level 1 in Crossbows
   691 | D:2      | Reached skill level 1 in Throwing
   691 | D:2      | Reached skill level 1 in Armour
   691 | D:2      | Reached skill level 1 in Shields
   691 | D:2      | Reached skill level 1 in Unarmed Combat
   691 | D:2      | Reached skill level 1 in Invocations
   691 | D:2      | Reached skill level 1 in Evocations
   898 | D:2      | Learned a level 2 spell: Searing Ray
   905 | D:2      | Reached XP level 4. HP: 32/32 MP: 4/11
   966 | D:2      | Found a faded altar of an unknown god.
  1034 | D:2      | Found a deep blue altar of Sif Muna.
  1161 | D:2      | Found a deep blue altar of Sif Muna.
  1349 | D:3      | Reached skill level 1 in Hexes
  1349 | D:3      | Reached skill level 1 in Charms
  1349 | D:3      | Reached skill level 1 in Summonings
  1349 | D:3      | Reached skill level 1 in Necromancy
  1349 | D:3      | Reached skill level 1 in Translocations
  1349 | D:3      | Reached skill level 1 in Transmutations
  1349 | D:3      | Reached skill level 1 in Fire Magic
  1349 | D:3      | Reached skill level 1 in Ice Magic
  1349 | D:3      | Reached skill level 1 in Air Magic
  1349 | D:3      | Reached skill level 1 in Earth Magic
  1349 | D:3      | Reached skill level 1 in Poison Magic
  1349 | D:3      | Reached XP level 5. HP: 37/37 MP: 5/12
  1359 | D:3      | Noticed Grinder
  1364 | D:3      | Killed Grinder
  1364 | D:3      | Reached skill level 5 in Dodging
  1364 | D:3      | Reached XP level 6. HP: 44/44 MP: 5/14
  1433 | D:3      | Found a stormy altar of Qazlal.
  1501 | D:3      | Noticed Sigmund
  1513 | D:3      | Killed Sigmund
  1513 | D:3      | Reached XP level 7. HP: 41/50 MP: 9/15
  1623 | D:3      | Found a burning altar of Makhleb.
  2257 | D:4      | Found an ornate altar of the Wu Jian Council.
  2303 | D:4      | Reached skill level 5 in Stealth
  2435 | D:5      | Entered Level 5 of the Dungeon
  2482 | D:5      | Found Fumn's Magic Scroll Shoppe.
  2487 | D:5      | Bought a scroll of teleportation for 30 gold pieces
  2487 | D:5      | Bought a scroll of fog for 20 gold pieces
  2487 | D:5      | Bought a scroll of identify for 20 gold pieces
  2493 | D:5      | Bought a scroll of identify for 20 gold pieces
  2493 | D:5      | Bought a scroll of amnesia for 35 gold pieces
  2493 | D:5      | Bought a scroll of remove curse for 30 gold pieces
  2494 | D:5      | Found Doeclon's Gadget Boutique.
  2507 | D:5      | Found a shimmering altar of Xom.
  2571 | D:5      | Reached XP level 8. HP: 43/57 MP: 13/16
  2873 | D:5      | Found a hide-covered altar of Uskayaw.
  2874 | D:5      | Found an ancient bone altar of Kikubaaqudgha.
  3364 | D:5      | Found a shadowy altar of Dithmenos.
  3368 | D:5      | Found a sacrificial altar of Ru.
  3891 | D:6      | Found a sand-covered staircase.
  3992 | Ossuary  | Entered an ossuary
  3998 | Ossuary  | Learned a level 4 spell: Iskenderun's Mystic Blast
  4523 | Ossuary  | Got a pitted leather armour
  4555 | D:6      | Identified the +3 leather armour of Chimes {Dex+5} (You found it in an ossuary)
  4596 | D:6      | Reached XP level 9. HP: 58/65 MP: 12/18
  4646 | D:6      | Found a staircase to the Ecumenical Temple.
  4656 | Temple   | Entered the Ecumenical Temple
  4887 | Temple   | Became a worshipper of Hepliaklqana the Forgotten
  5553 | D:7      | Reached * piety under Hepliaklqana
  6121 | D:8      | Noticed Gastronok
  6204 | D:8      | Reached skill level 8 in Conjurations
  6548 | D:8      | Found an iron altar of Okawaru.
  6557 | D:8      | Found a blossoming altar of Fedhas.
  6593 | D:8      | Found a stormy altar of Qazlal.
  6669 | D:8      | Learned a level 4 spell: Force Lance
  6685 | D:8      | Mangled by Gastronok

Vault maps used:
D:1:      minmay_arrival_wavy_path
D:2:      lemuel_crystal_altar, chequers_ecumenical_altar_twisty, led_sif_pool
D:3:      overflow_temple_1_default, grunt_qazlal_sundering, uniq_sigmund,
          uniq_grinder
D:4:      lemuel_doored_altar, first_ration, minmay_cupped
D:5:      nicolae_overflow_hidden_temple, serial_shops, shop,
          nicolae_shop_statue_plus, xom_confusion_cloud
D:6:      minmay_temple_entry_statues_pillars, gup_ossuary_entry_pyramid
D:8:      grunt_temple_overflow_forces_of_nature, lemuel_round_altar,
          uniq_gastronok
Temple:   dpeg_chambers_temple
Ossuary:  ossuary_tomb_2

Skill      XL: |  1  2  3  4  5  6  7  8  9 |
---------------+----------------------------+-----
Spellcasting   | 5 6 |  6.8
Fighting       | 1 2 3 4 |  4.4
Short Blades   | 1 2 3 4 |  4.4
Long Blades    | 1 2 3 4 |  4.4
Axes           | 1 2 3 4 |  4.4
Maces & Flails | 1 2 3 4 |  4.4
Polearms       | 1 2 3 4 |  4.4
Staves         | 1 2 3 4 |  4.4
Slings         | 1 2 3 4 |  4.4
Bows           | 1 2 3 4 |  4.4
Crossbows      | 1 2 3 4 |  4.4
Throwing       | 1 2 3 4 |  4.4
Armour         | 1 2 3 4 |  4.4
Shields        | 1 2 3 4 |  4.4
Unarmed Combat | 1 2 3 4 |  4.4
Invocations    | 1 2 3 4 |  4.9
Evocations     | 1 2 3 4 |  4.4
Hexes          | 1 2 3 |  3.6
Charms         | 1 2 3 |  3.6
Summonings     | 1 2 3 |  3.6
Necromancy     | 1 2 3 |  3.6
Translocations | 1 2 3 |  3.6
Transmutations | 1 2 3 |  3.6
Fire Magic     | 1 2 3 |  3.6
Ice Magic      | 1 2 3 |  3.6
Air Magic      | 1 2 3 |  3.6
Earth Magic    | 1 2 3 |  3.6
Poison Magic   | 1 2 3 |  3.6
Dodging        | 5 6 |  6.4
Stealth        | 5 6 |  6.2
Conjurations   | 8 |  8.1

Action                   |  1- 3 |  4- 6 |  7- 9 || total
-------------------------+-------+-------+-------++-------
Melee: Mace              |    28 |     4 |   104 ||   136
       Bite              |     3 |       |    11 ||    14
       Scimitar          |       |       |    16 ||    16
 Cast: Magic Dart        |    29 |    66 |   183 ||   278
       Searing Ray       |       |     5 |    26 ||    31
       Iskenderun's Myst |       |       |    16 ||    16
       Force Lance       |       |       |     2 ||     2
Invok: Recall Ancestor   |       |       |     1 ||     1
       Ancestor Identity |       |       |     1 ||     1
  Use: Scroll            |       |       |    10 ||    10
 Stab: Sleeping          |     4 |       |     4 ||     8
  Eat: Chunk             |       |     2 |    10 ||    12
       Ration            |       |       |     2 ||     2
Armor: Robe              |     4 |     2 |    29 ||    35
       Leather armour    |       |       |    18 ||    18
Dodge: Dodged            |    29 |     9 |   148 ||   186
       Rpst.: Scimitar   |       |       |    10 ||    10

Table legend:
 A = Spawn XP
 B = Non-spawn XP
 C = Spawn XP percentage of total XP
 D = Spawn monster count
 E = Non-spawn monster count
 F = Spawn count percentage of total count
 G = Total turns spent on level
                    A         B        C        D         E        F      G
               +---------+---------+-------+---------+---------+-------+---------
         Total |       0 |    4073 |   0.0 |       0 |     171 |   0.0 |  6685
               +---------+---------+-------+---------+---------+-------+---------
           D:1 |       0 |      17 |   0.0 |       0 |       9 |   0.0 |   612
           D:2 |       0 |      97 |   0.0 |       0 |      28 |   0.0 |   617
           D:3 |       0 |     617 |   0.0 |       0 |      27 |   0.0 |   631
           D:4 |       0 |     362 |   0.0 |       0 |       9 |   0.0 |   575
           D:5 |       0 |     596 |   0.0 |       0 |      17 |   0.0 |  1271
           D:6 |       0 |     842 |   0.0 |       0 |      24 |   0.0 |  1024
           D:7 |       0 |     298 |   0.0 |       0 |       7 |   0.0 |   584
           D:8 |       0 |    1034 |   0.0 |       0 |      18 |   0.0 |   566
       Ossuary |       0 |     210 |   0.0 |       0 |      32 |   0.0 |   552
               +---------+---------+-------+---------+---------+-------+---------
